 Dungeon Crawl Stone Soup version 0.29.0-4-gdea44cf6ec (webtiles) character file.

Game seed: 7900388812345954449

6706 qw the Grappler (level 10, -2/100 HPs)
             Began as a Troll Cinder Acolyte on Aug 31, 2022.
             Was a Believer of Ignis.
             Slain by a seven-headed hydra (4 damage)
             ... on level 1 of the Lair of Beasts.
             The game lasted 00:04:12 (7541 turns).

qw the Grappler (Troll Cinder Acolyte)              Turns: 7541, Time: 00:04:13

Health: -2/100     AC: 12    Str: 28    XL:     10   Next: 74%
Magic:  10/10      EV: 10    Int:  8    God:    Ignis [**....]
Gold:   612        SH:  0    Dex: 11    Spells: 11/11 levels left

rFire   + . .      SeeInvis +     - Unarmed
rCold   . . .      Faith    .   (no shield)
rNeg    . . .      Spirit   .   a - +0 robe
rPois   .          Reflect  .   (helmet restricted)
rElec   .          Harm     .   f - +0 cloak
rCorr   .          Rampage  .   (gloves unavailable)
Will    +....                   (boots unavailable)
Stlth   +.........              j - amulet of the acrobat
HPRegen 1.06/turn               q - ring of see invisible
MPRegen 0.12/turn               n - +6 ring of dexterity

@: about to teleport, fiery-armoured
A: large, unfitting armour, claws 3, regeneration 1, shaggy fur 1, tough skin 1,
dopey 1, strong-willed 1
a: Renounce Religion, Fiery Armour, Foxfire Swarm, Rising Flame


You were on level 1 of the Lair of Beasts.
You worshipped Ignis.
Ignis was pleased with you.
You visited 2 branches of the dungeon, and saw 9 of its levels.
You also visited: Ossuary.

You collected 612 gold pieces.


Innate Abilities, Weirdness & Mutations

You are too large for most types of armour.
You have claws for hands.
Your natural rate of healing is unusually fast.
You are covered in fur. (AC +1)
You have tough skin. (AC +1)
You are dopey. (Int -2)
You are strong-willed. (Will+)


   Skills:
 - Level 6.3 Fighting
 - Level 1.4 Throwing
 - Level 1.0 Armour
 - Level 3.3 Dodging
 + Level 14.2 Unarmed Combat
 - Level 1.0 Spellcasting
 - Level 2.1 Fire Magic


You had 11 spell levels left.
You didn't know any spells.
Your spell library contained the following spells:

 Spells                   Type           Power      Damage    Failure   Level
 Scorch                   Fire           6%         2d5       24%         2

Inventory:

Missiles
 s - 10 boomerangs (quivered)
Armour
 a - a +0 robe (worn)
 f - a +0 cloak (worn)
Jewellery
 j - an amulet of the acrobat (around neck)
 n - a +6 ring of dexterity (right claw)
 o - a ring of resist corrosion
 p - an amulet of guardian spirit
 q - a ring of see invisible (left claw)
Scrolls
 d - a scroll of identify
 l - 3 scrolls of enchant weapon
Potions
 b - 2 potions of might
 c - 4 potions of resistance
 g - a potion of cancellation
 i - a potion of heal wounds {unknown}
 m - 3 potions of curing
 r - 2 potions of mutation
 t - a potion of attraction {unknown}

Dungeon Overview and Level Annotations

Branches:
Dungeon (8/15)             Temple (0/1) D:7            Lair (1/5) D:8
Ossuary (visited)

Altars:
Hepliaklqana
Kikubaaqudgha
Makhleb
Qazlal
Ru
Sif Muna
Uskayaw
Vehumet
Yredelemnul
Zin

Shops:
D:2 =   D:6 (

Annotations:
D:3 1 runed translucent door, Crazy Yiuf


Message History

The six-headed hydra closely misses you.
The six-headed hydra bites you!
The six-headed hydra is burned by your cloak of flames.
The six-headed hydra is lightly wounded.
The six-headed hydra completely misses you.
The six-headed hydra bites you but does no damage.
The six-headed hydra is burned by your cloak of flames.
The six-headed hydra is moderately wounded.
The six-headed hydra bites you!
The six-headed hydra is burned by your cloak of flames.
The six-headed hydra is moderately wounded.
The six-headed hydra bites you.
The six-headed hydra is burned by your cloak of flames.
The six-headed hydra is moderately wounded.
A yak comes into view.
7540 ||| READING scroll of teleportation.
As you read the scroll of teleportation, it crumbles to dust.
You feel strangely unstable.
The six-headed hydra completely misses you.
The six-headed hydra bites you but does no damage.
The six-headed hydra is burned by your cloak of flames.
The six-headed hydra is moderately wounded.
The six-headed hydra bites you but does no damage.
The six-headed hydra is burned by your cloak of flames.
The six-headed hydra is heavily wounded.
The six-headed hydra bites you!
The six-headed hydra is burned by your cloak of flames.
The six-headed hydra is heavily wounded.
The six-headed hydra bites you!
The six-headed hydra is burned by your cloak of flames.
The six-headed hydra is heavily wounded.
The six-headed hydra bites you.
The six-headed hydra is burned by your cloak of flames.
The six-headed hydra is severely wounded.
You claw one of the six-headed hydra's heads off!
The five-headed hydra grows two more!
You claw the seven-headed hydra!
Your claw misses the seven-headed hydra.
The seven-headed hydra is severely wounded.
The seven-headed hydra bites you.
You die...

#.###+##.... .
........... ..
........... ...
..........
....##.........
..#............
...............
#@D......
#........
#......P.
.........
.........
#.........
..........
..........


You could see a seven-headed hydra.

Vanquished Creatures
  A two-headed ogre (D:7)
  A cane toad (Lair:1)
  A troll (D:8)
  10 yaks (Lair:1)
  A steam dragon (D:8)
  4 water moccasins
  2 orc warriors
  2 black bears (D:6)
  An ice beast (D:5)
  9 wolves
  An ogre (D:6)
  An elf zombie (Ossuary)
  2 kobold brigands
  3 bullfrogs
  2 necrophages
  A gnoll sergeant (D:5)
  5 scorpions
  6 wights
  3 electric eels (D:8)
  A human zombie (Ossuary)
  A jelly (D:6)
  4 orc priests
  6 hounds
  2 gnoll boudas
  Jessica (D:2)
  Natasha (twice) (D:3 D:5)
  2 iguanas
  2 orc wizards
  4 mummies (Ossuary)
  Robin (D:5)
  10 adders
  17 gnolls
  2 white imps
  An ufetubus (D:4)
  An adder zombie (Ossuary)
  4 worms
  3 dart slugs
  19 orcs
  A bat (D:1)
  2 endoplasms
  A giant cockroach (D:2)
  7 hobgoblins
  8 quokkas
  7 ball pythons
  5 frilled lizards
  19 goblins
  A goblin zombie (Ossuary)
  14 kobolds
  2 kobold zombies (Ossuary)
  4 orc zombies (Ossuary)
  3 rats
  2 rat zombies (Ossuary)
215 creatures vanquished.

Vanquished Creatures (others)
  A fungus (Lair:1)
  2 plants
3 creatures vanquished.

Grand Total: 218 creatures vanquished

Notes
Turn   | Place    | Note
-------+----------+-------------------------------------------
     0 | D:1      | qw the Troll Cinder Acolyte began the quest for the Orb.
     0 | D:1      | Reached XP level 1. HP: 22/22 MP: 1/1
     0 | D:1      | 0 ||| qw: Version: 0.1-a-97-g2dd2ca4
     0 | D:1      | 0 ||| qw: Game counter: 4556
     0 | D:1      | 0 ||| qw: Always use a shield: true
     0 | D:1      | 0 ||| qw: God list: Okawaru
     0 | D:1      | 0 ||| qw: Allow faded altars: false
     0 | D:1      | 0 ||| qw: Do Orc after D:15 true
     0 | D:1      | 0 ||| qw: Do second Lair branch before Depths: true
     0 | D:1      | 0 ||| qw: Lair rune preference: random
     0 | D:1      | 0 ||| qw: Plans: Normal
     0 | D:1      | 0 ||| PLANNING D:1-11
   342 | D:1      | Reached XP level 2. HP: 29/29 MP: 2/2
   773 | D:1      | 773 ||| READING 2 scrolls labelled GERHAMASOE.
   774 | D:1      | 774 ||| READING scroll labelled CUM EMETHOAJ.
   775 | D:1      | 775 ||| DRINKING 2 bubbling white potions.
   776 | D:1      | 776 ||| DROPPING potion of degeneration.
   780 | D:2      | 780 ||| INVOKING Fiery Armour.
   787 | D:2      | 787 ||| Stepping ~*~*~tactically~*~*~ (outnumbered).
   789 | D:2      | Reached skill level 4 in Unarmed Combat
   791 | D:2      | Reached XP level 3. HP: 26/36 MP: 3/3
   795 | D:2      | Reached skill level 5 in Unarmed Combat
   795 | D:2      | Reached XP level 4. HP: 36/44 MP: 4/4
   810 | D:2      | 810 ||| Stepping ~*~*~tactically~*~*~ (stealth).
   839 | D:2      | 839 ||| Stepping ~*~*~tactically~*~*~ (stealth).
   901 | D:2      | Found Tihawneg's Jewellery Shoppe.
   906 | D:2      | 906 ||| SHOPLISTING +4 ring of evasion (432 gold, have 92).
   906 | D:2      | 906 ||| SHOPLISTING +6 ring of dexterity (432 gold, have
                  | 92).
   906 | D:2      | 906 ||| SHOPLISTING amulet of the acrobat (360 gold, have
                  | 92).
   906 | D:2      | 906 ||| SHOPLISTING ring of poison resistance (240 gold,
                  | have 92).
   906 | D:2      | 906 ||| SHOPLISTING ring of positive energy (240 gold, have
                  | 92).
   906 | D:2      | 906 ||| SHOPLISTING ring of see invisible (180 gold, have
                  | 92).
  1014 | D:2      | Reached XP level 5. HP: 48/50 MP: 5/5
  1292 | D:2      | Noticed Jessica
  1295 | D:2      | Killed Jessica
  1296 | D:2      | Reached skill level 6 in Unarmed Combat
  1515 | D:2      | 1515 ||| DRINKING 2 silvery potions.
  1638 | D:3      | Found a basalt altar of Yredelemnul.
  1661 | D:3      | Noticed a great orb of eyes
  1664 | D:3      | Found a faded altar of an unknown god.
  1666 | D:3      | 1666 ||| Stepping ~*~*~tactically~*~*~ (stealth).
  1677 | D:3      | Noticed an eye of devastation
  1677 | D:3      | Noticed a golden eye
  1677 | D:3      | Noticed a golden eye
  1806 | D:3      | 1806 ||| Stepping ~*~*~tactically~*~*~ (hiding).
  1925 | D:3      | Found a stormy altar of Qazlal.
  1938 | D:3      | Noticed Natasha
  1939 | D:3      | 1939 ||| Stepping ~*~*~tactically~*~*~ (hiding).
  1945 | D:3      | Killed Natasha
  2052 | D:3      | 2052 ||| Stepping ~*~*~tactically~*~*~ (stealth).
  2055 | D:3      | 2055 ||| Stepping ~*~*~tactically~*~*~ (outnumbered).
  2056 | D:3      | 2056 ||| Stepping ~*~*~tactically~*~*~ (outnumbered).
  2169 | D:3      | 2169 ||| Stepping ~*~*~tactically~*~*~ (stealth).
  2177 | D:3      | 2177 ||| Stepping ~*~*~tactically~*~*~ (stealth).
  2179 | D:3      | 2179 ||| Stepping ~*~*~tactically~*~*~ (stealth).
  2182 | D:3      | 2182 ||| Stepping ~*~*~tactically~*~*~ (stealth).
  2185 | D:3      | 2185 ||| Stepping ~*~*~tactically~*~*~ (stealth).
  2193 | D:3      | 2193 ||| Stepping ~*~*~tactically~*~*~ (outnumbered).
  2194 | D:3      | 2194 ||| Stepping ~*~*~tactically~*~*~ (outnumbered).
  2237 | D:3      | Reached XP level 6. HP: 59/59 MP: 6/6
  2258 | D:3      | Noticed Natasha
  2259 | D:3      | 2259 ||| Stepping ~*~*~tactically~*~*~ (stealth).
  2261 | D:3      | 2261 ||| Stepping ~*~*~tactically~*~*~ (hiding).
  2427 | D:3      | Found a runed translucent door.
  2428 | D:3      | Noticed Crazy Yiuf
  2669 | D:3      | 2669 ||| UPGRADING to +0 cloak.
  2674 | D:3      | 2674 ||| UPGRADING to amulet of the acrobat.
  2679 | D:3      | 2679 ||| READING 3 scrolls labelled IJUCHA QILYU.
  2716 | D:3      | 2716 ||| READING scroll labelled SEGIWN RUJE.
  2744 | D:3      | 2744 ||| READING scroll labelled UTEXYJ JEZXOR.
  2745 | D:3      | 2745 ||| READING 2 scrolls of identify.
  2745 | D:3      | 2745 ||| IDENTIFYING yellow potion
  2787 | D:4      | Reached skill level 7 in Unarmed Combat
  2930 | D:4      | 2930 ||| Stepping ~*~*~tactically~*~*~ (outnumbered).
  2931 | D:4      | 2931 ||| Stepping ~*~*~tactically~*~*~ (outnumbered).
  2932 | D:4      | 2932 ||| Stepping ~*~*~tactically~*~*~ (outnumbered).
  2934 | D:4      | 2934 ||| Stepping ~*~*~tactically~*~*~ (outnumbered).
  2937 | D:4      | 2937 ||| FLEEEEING.
  2938 | D:4      | 2938 ||| FLEEEEING.
  2939 | D:4      | 2939 ||| FLEEEEING.
  2940 | D:4      | 2940 ||| FLEEEEING.
  2948 | D:4      | 2948 ||| Stepping ~*~*~tactically~*~*~ (hiding).
  2950 | D:4      | 2950 ||| Stepping ~*~*~tactically~*~*~ (hiding).
  3179 | D:4      | 3179 ||| INVOKING Fiery Armour.
  3183 | D:4      | 3183 ||| Stepping ~*~*~tactically~*~*~ (outnumbered).
  3192 | D:4      | Reached skill level 8 in Unarmed Combat
  3259 | D:4      | 3259 ||| Stepping ~*~*~tactically~*~*~ (stealth).
  3264 | D:4      | Reached XP level 7. HP: 66/66 MP: 7/7
  3307 | D:4      | 3307 ||| Stepping ~*~*~tactically~*~*~ (stealth).
  3410 | D:4      | Reached skill level 3 in Fighting
  3478 | D:4      | 3478 ||| DROPPING scarf of shadows.
  3479 | D:4      | 3479 ||| UPGRADING to ring of resist corrosion.
  3480 | D:4      | 3480 ||| READING 2 scrolls labelled RIWOSM UTTOAPA.
  3481 | D:4      | 3481 ||| READING scroll labelled UZOOLLODOM.
  3482 | D:4      | 3482 ||| READING scroll labelled COPTEFASOU.
  3483 | D:4      | 3483 ||| READING scroll labelled KAAQ MI KOL.
  3484 | D:4      | 3484 ||| READING scroll labelled SUMIATULAZ.
  3485 | D:4      | 3485 ||| READING scroll labelled ZOILIRAASO.
  3486 | D:4      | 3486 ||| READING 2 scrolls of identify.
  3486 | D:4      | 3486 ||| IDENTIFYING white potion
  3487 | D:4      | 3487 ||| DROPPING potion of berserk rage.
  3488 | D:4      | 3488 ||| DROPPING scroll of summoning.
  3494 | D:5      | Entered Level 5 of the Dungeon
  3502 | D:5      | Found a burning altar of Makhleb.
  3538 | D:5      | Found a shimmering blue altar of Sif Muna.
  3615 | D:5      | 3615 ||| INVOKING Fiery Armour.
  3617 | D:5      | 3617 ||| Stepping ~*~*~tactically~*~*~ (outnumbered).
  3681 | D:5      | 3681 ||| Stepping ~*~*~tactically~*~*~ (stealth).
  3684 | D:5      | 3684 ||| Stepping ~*~*~tactically~*~*~ (hiding).
  3689 | D:5      | 3689 ||| Stepping ~*~*~tactically~*~*~ (outnumbered).
  3699 | D:5      | Reached skill level 9 in Unarmed Combat
  3700 | D:5      | 3700 ||| FLEEEEING.
  3701 | D:5      | 3701 ||| FLEEEEING.
  3702 | D:5      | 3702 ||| FLEEEEING.
  3703 | D:5      | 3703 ||| FLEEEEING.
  3704 | D:5      | 3704 ||| FLEEEEING.
  3705 | D:5      | 3705 ||| FLEEEEING.
  3706 | D:5      | 3706 ||| FLEEEEING.
  3707 | D:5      | 3707 ||| FLEEEEING.
  3708 | D:5      | 3708 ||| FLEEEEING.
  3709 | D:5      | 3709 ||| FLEEEEING.
  3710 | D:5      | 3710 ||| FLEEEEING.
  3712 | D:5      | 3712 ||| FLEEEEING.
  3713 | D:5      | 3713 ||| FLEEEEING.
  3714 | D:5      | 3714 ||| FLEEEEING.
  3715 | D:5      | 3715 ||| FLEEEEING.
  3717 | D:5      | 3717 ||| FLEEEEING.
  3718 | D:5      | 3718 ||| FLEEEEING.
  3719 | D:5      | 3719 ||| FLEEEEING.
  3720 | D:5      | 3720 ||| FLEEEEING.
  3721 | D:5      | 3721 ||| FLEEEEING.
  3722 | D:5      | 3722 ||| FLEEEEING.
  3723 | D:5      | 3723 ||| FLEEEEING.
  3724 | D:5      | 3724 ||| FLEEEEING.
  3725 | D:5      | 3725 ||| FLEEEEING.
  3726 | D:5      | 3726 ||| FLEEEEING.
  3727 | D:5      | 3727 ||| FLEEEEING.
  3728 | D:5      | 3728 ||| STAIRDANCE
  3750 | D:5      | 3750 ||| STAIRDANCE
  3844 | D:5      | 3844 ||| Stepping ~*~*~tactically~*~*~ (stealth).
  3846 | D:5      | 3846 ||| Stepping ~*~*~tactically~*~*~ (stealth).
  3852 | D:5      | Killed Natasha
  3948 | D:5      | Noticed Robin
  3955 | D:5      | Reached skill level 1 in Dodging
  3958 | D:5      | Killed Robin
  4052 | D:5      | Found a hide-covered altar of Uskayaw.
  4107 | D:5      | Reached XP level 8. HP: 75/75 MP: 8/8
  4522 | D:5      | 4522 ||| UPGRADING to +6 ring of dexterity.
  4523 | D:5      | 4523 ||| UPGRADING to ring of see invisible.
  4525 | D:5      | 4525 ||| READING scroll labelled KEOM VUPSUNT.
  4526 | D:5      | 4526 ||| DRINKING 2 emerald potions.
  4561 | D:6      | 4561 ||| PLANNING OSSUARY
  4612 | D:6      | Found a sacrificial altar of Ru.
  4637 | D:6      | Found an ancient bone altar of Kikubaaqudgha.
  4796 | D:6      | Found a glowing silver altar of Zin.
  4818 | D:6      | Reached skill level 10 in Unarmed Combat
  4875 | D:6      | 4875 ||| Stepping ~*~*~tactically~*~*~ (outnumbered).
  4993 | D:6      | 4993 ||| Stepping ~*~*~tactically~*~*~ (stealth).
  5014 | D:6      | 5014 ||| Stepping ~*~*~tactically~*~*~ (stealth).
  5038 | D:6      | 5038 ||| Stepping ~*~*~tactically~*~*~ (stealth).
  5080 | D:6      | 5080 ||| Stepping ~*~*~tactically~*~*~ (stealth).
  5081 | D:6      | 5081 ||| Stepping ~*~*~tactically~*~*~ (stealth).
  5089 | D:6      | Found Luhiwn's Weapon Shop.
  5133 | D:6      | Found a sand-covered staircase.
  5141 | Ossuary  | Entered an ossuary
  5142 | Ossuary  | 5142 ||| INVOKING Fiery Armour.
  5148 | Ossuary  | 5148 ||| Stepping ~*~*~tactically~*~*~ (outnumbered).
  5149 | Ossuary  | 5149 ||| Stepping ~*~*~tactically~*~*~ (outnumbered).
  5150 | Ossuary  | 5150 ||| Stepping ~*~*~tactically~*~*~ (outnumbered).
  5151 | Ossuary  | 5151 ||| Stepping ~*~*~tactically~*~*~ (outnumbered).
  5153 | Ossuary  | 5153 ||| Stepping ~*~*~tactically~*~*~ (outnumbered).
  5154 | Ossuary  | 5154 ||| Stepping ~*~*~tactically~*~*~ (outnumbered).
  5155 | Ossuary  | 5155 ||| Stepping ~*~*~tactically~*~*~ (outnumbered).
  5156 | Ossuary  | 5156 ||| Stepping ~*~*~tactically~*~*~ (outnumbered).
  5158 | Ossuary  | 5158 ||| Stepping ~*~*~tactically~*~*~ (outnumbered).
  5159 | Ossuary  | 5159 ||| Stepping ~*~*~tactically~*~*~ (outnumbered).
  5160 | Ossuary  | 5160 ||| Stepping ~*~*~tactically~*~*~ (outnumbered).
  5161 | Ossuary  | 5161 ||| Stepping ~*~*~tactically~*~*~ (outnumbered).
  5320 | Ossuary  | 5320 ||| READING scroll labelled FEYXTE LETAPT.
  5421 | Ossuary  | 5421 ||| READING 2 scrolls labelled SEEGERIANO.
  5422 | Ossuary  | 5422 ||| DRINKING 3 fuming inky potions.
  5422 | Ossuary  | Gained mutation: You are dopey. (Int -2) [potion of
                  | mutation]
  5422 | Ossuary  | Gained mutation: You are strong-willed. (Will+) [potion of
                  | mutation]
  5423 | Ossuary  | 5423 ||| DRINKING 2 grey potions.
  5524 | Ossuary  | 5524 ||| DROPPING potion of ambrosia.
  5525 | Ossuary  | 5525 ||| DROPPING scroll of fog.
  5537 | D:6      | 5537 ||| PLANNING D:1-11
  5808 | D:7      | Noticed a two-headed ogre
  5812 | D:7      | Killed a two-headed ogre
  5813 | D:7      | Reached skill level 11 in Unarmed Combat
  5813 | D:7      | Reached XP level 9. HP: 60/84 MP: 9/9
  5887 | D:7      | Found a staircase to the Ecumenical Temple.
  5905 | D:7      | 5905 ||| INVOKING Fiery Armour.
  5966 | D:7      | Reached skill level 12 in Unarmed Combat
  6240 | D:7      | 6240 ||| DRINKING 2 bubbling black potions.
  6241 | D:7      | 6241 ||| DROPPING potion of invisibility.
  6432 | D:8      | 6432 ||| Stepping ~*~*~tactically~*~*~ (stealth).
  6437 | D:8      | Reached skill level 1 in Throwing
  6509 | D:8      | Found a radiant altar of Vehumet.
  6543 | D:8      | 6543 ||| FLEEEEING.
  6544 | D:8      | 6544 ||| FLEEEEING.
  6558 | D:8      | 6558 ||| INVOKING Fiery Armour.
  6572 | D:8      | 6572 ||| Stepping ~*~*~tactically~*~*~ (outnumbered).
  6581 | D:8      | Found a staircase to the Lair.
  6581 | D:8      | Noticed a troll
  6590 | D:8      | HP: 19/88 [troll (9)]
  6591 | D:8      | 6591 ||| READING 3 scrolls of teleportation.
  6592 | D:8      | HP: 8/88 [troll (4)]
  6703 | D:8      | 6703 ||| Stepping ~*~*~tactically~*~*~ (stealth).
  6708 | D:8      | Reached skill level 13 in Unarmed Combat
  6715 | D:8      | Reached skill level 1 in Armour
  6726 | D:8      | 6726 ||| Stepping ~*~*~tactically~*~*~ (stealth).
  6728 | D:8      | 6728 ||| Stepping ~*~*~tactically~*~*~ (stealth).
  6730 | D:8      | 6730 ||| Stepping ~*~*~tactically~*~*~ (stealth).
  6750 | D:8      | 6750 ||| Stepping ~*~*~tactically~*~*~ (hiding).
  6852 | D:8      | 6852 ||| Stepping ~*~*~tactically~*~*~ (hiding).
  6860 | D:8      | Reached XP level 10. HP: 67/96 MP: 10/10
  6940 | D:8      | 6940 ||| INVOKING Fiery Armour.
  6942 | D:8      | Reached skill level 3 in Dodging
  6997 | D:8      | 6997 ||| FLEEEEING.
  6998 | D:8      | 6998 ||| FLEEEEING.
  7081 | D:8      | 7081 ||| Stepping ~*~*~tactically~*~*~ (stealth).
  7242 | D:8      | 7242 ||| Stepping ~*~*~tactically~*~*~ (hiding).
  7326 | D:8      | Found a hazy altar of Hepliaklqana.
  7347 | D:8      | 7347 ||| PLANNING LAIR
  7347 | D:8      | 7347 ||| DRINKING 2 sedimented clear potions.
  7348 | D:8      | 7348 ||| READING 3 scrolls of identify.
  7348 | D:8      | 7348 ||| IDENTIFYING sapphire potion
  7349 | D:8      | 7349 ||| READING 2 scrolls of identify.
  7349 | D:8      | 7349 ||| IDENTIFYING murky emerald potion
  7350 | D:8      | 7350 ||| DROPPING potion of brilliance.
  7351 | D:8      | 7351 ||| DROPPING potion of flight.
  7393 | Lair:1   | Entered Level 1 of the Lair of Beasts
  7397 | Lair:1   | 7397 ||| INVOKING Fiery Armour.
  7399 | Lair:1   | 7399 ||| Stepping ~*~*~tactically~*~*~ (outnumbered).
  7400 | Lair:1   | 7400 ||| Stepping ~*~*~tactically~*~*~ (outnumbered).
  7401 | Lair:1   | 7401 ||| Stepping ~*~*~tactically~*~*~ (outnumbered).
  7402 | Lair:1   | 7402 ||| Stepping ~*~*~tactically~*~*~ (outnumbered).
  7429 | Lair:1   | Reached skill level 14 in Unarmed Combat
  7488 | Lair:1   | 7488 ||| Stepping ~*~*~tactically~*~*~ (stealth).
  7490 | Lair:1   | 7490 ||| Stepping ~*~*~tactically~*~*~ (stealth).
  7494 | Lair:1   | Noticed a cane toad
  7499 | Lair:1   | Killed a cane toad
  7500 | Lair:1   | Reached skill level 6 in Fighting
  7505 | Lair:1   | 7505 ||| INVOKING Fiery Armour.
  7512 | Lair:1   | HP: 20/100 [wolf (9)]
  7513 | Lair:1   | 7513 ||| READING 2 scrolls of teleportation.
  7532 | Lair:1   | Noticed a five-headed hydra
  7539 | Lair:1   | HP: 21/100 [six-headed hydra (9)]
  7540 | Lair:1   | 7540 ||| READING scroll of teleportation.
  7540 | Lair:1   | HP: 10/100 [six-headed hydra (8)]
  7540 | Lair:1   | HP: 2/100 [six-headed hydra (8)]
  7541 | Lair:1   | Slain by a seven-headed hydra

Levels and vault maps discovered:
D:1:      psy_arrival_fountain, layout_basic
D:2:      layout_basic, serial_shops, shop, uniq_jessica
D:3:      layout_loops_ring, overflow_temple_1_default, grunt_qazlal_sundering,
          hellmonk_ecumenical_altar_watching_god, hangedman_decor_opposing,
          amcnicky_mini_pool_small, uniq_robin, uniq_crazy_yiuf_cottage,
          uniq_natasha
D:4:      layout_rooms, minmay_divided_ellipse
D:5:      layout_loops_corners, amcnicky_altar_gilded, lemuel_doored_altar,
          mainiacjoe_overflow_tiny_flanked, kennysheep_cross_room
D:6:      layout_loops_cross, mainiacjoe_overflow_catch_the_wave,
          mainiacjoe_overflow_alcove_1, serial_shops,
          nicolae_shop_bloodbath_and_beyond, chequers_ossuary_entry_cave
D:7:      layout_basic, temple_green
D:8:      layout_loops_ring, kennysheep_little_box, lemuel_crystal_altar,
          erik_lair_island, enter_bailey_3, kennysheep_potato
Lair:1:   beast_lair_carwin_large_2, layout_chaotic_city, lemuel_fruit_tree,
          grunt_megastairs_3, uniq_harold

Skill      XL: |  1  2  3  4  5  6  7  8  9 10 |
---------------+-------------------------------+-----
Unarmed Combat | 4 5 6 8 9 11 13 14 | 14.2
Fighting       | 3 4 5 6 |  6.3
Dodging        | 1 2 3 |  3.3
Throwing       | 1 |  1.4
Armour         | 1 |  1.0
Spellcasting   | |  1.0
Fire Magic     | |  2.1

Action                   |  1- 3 |  4- 6 |  7- 9 | 10-12 || total
-------------------------+-------+-------+-------+-------++-------
Melee: Unarmed           |    44 |   168 |   238 |    82 ||   532
       Punch             |       |     2 |    11 |     4 ||    17
Throw: Boomerang         |       |       |     9 |    21 ||    30
Invok: Fiery Armour      |     1 |     1 |     4 |     3 ||     9
  Use: Scroll            |     2 |     4 |    11 |     4 ||    21
       Potion            |     1 |     1 |     4 |     1 ||     7
Armor: Robe              |    18 |    46 |    58 |    18 ||   140
Dodge: Dodged            |    14 |    55 |    91 |    34 ||   194

Table legend:
 A = Non-vault XP
 B = Vault XP
 C = Vault XP percentage of total XP
 D = Non-vault monster count
 E = Vault monster count
 F = Vault count percentage of total count
                 A         B        C        D         E       F
            +---------+---------+-------+---------+---------+-------
      Total |    7540 |    2040 |  21.3 |     156 |      59 |  27.4
            +---------+---------+-------+---------+---------+-------
        D:1 |      22 |       0 |   0.0 |      12 |       0 |   0.0
        D:2 |     219 |      37 |  14.5 |      26 |       1 |   3.7
        D:3 |      49 |      57 |  53.8 |      11 |      11 |  50.0
        D:4 |     341 |     118 |  25.7 |      20 |      13 |  39.4
        D:5 |     666 |      17 |   2.5 |      20 |       2 |   9.1
        D:6 |     868 |       2 |   0.2 |      21 |       1 |   4.5
        D:7 |    1676 |       0 |   0.0 |      11 |       0 |   0.0
        D:8 |    1057 |    1134 |  51.8 |      20 |      14 |  41.2
     Lair:1 |    2642 |     439 |  14.2 |      15 |       1 |   6.2
    Ossuary |       0 |     236 | 100.0 |       0 |      16 | 100.0
            +---------+---------+-------+---------+---------+-------
